[Event "Team 45 45 League T45"]
[Site "Internet Chess Club"]
[Date "2010.05.28"]
[Round "4"]
[White "anatolybcn"]
[Black "mmf00"]
[Result "0-1"]
[WhiteElo "1161"]
[BlackElo "1550"]
[Opening "Sicilian defense"]
[ECO "B20"]
[Time "14:00:07"]
[TimeControl "2700+45"]

1. e4 c5 2. Bc4 g6 3. c3 Bg7 4. d3 Nc6 5. Nf3 Nf6 6. Be3 b6 7. Ng5 O-O 8. h3 d5
9. exd5 Nxd5 10. Qf3 e6 11. O-O Bb7 12. Bd2 h6 13. Ne4 Ne5 14. Qd1 Nxc4 15. dxc4
Ne7 16. Re1 Qd3 17. Re3 Qxc4 18. Nd6 Qd5 19. Nxb7 Qxb7 20. Qc1 Kh7 21. h4 h5 22.
Na3 Rad8 23. Qc2 Qd5 24. Rd3 Qxd3 25. Qxd3 Rxd3 26. Bg5 Nf5 27. Nc4 f6 28. Bf4
e5 29. Be3 Nxh4 30. a4 Bh6 31. b4 Bxe3 32. Nxe3 Rxc3 33. bxc5 Rxc5 34. Rd1 Kg7
35. Rd3 Nf5 36. g4 Nxe3 37. Rxe3 hxg4 {White resigns} 0-1

[Event "Team 45 45 League T45"]
[Site "Internet Chess Club"]
[Date "2010.05.28"]
[Round "4"]
[White "supraholic"]
[Black "guyd52"]
[Result "1-0"]
[WhiteElo "1274"]
[BlackElo "1256"]
[Opening "Robatsch (modern) defense"]
[ECO "B06"]
[Time "18:07:22"]
[TimeControl "2700+45"]

1. e4 g6 2. Nf3 d6 3. Bc4 Nf6 4. d3 Bg7 5. Bf4 O-O 6. O-O Nbd7 7. c3 e5 8. Bg5
a5 9. h3 Nb6 10. Bb3 a4 11. Bc2 Be6 12. Nbd2 Qd7 13. b3 Qb5 14. c4 Qd7 15. b4 c6
16. a3 c5 17. b5 Ra7 18. Re1 Nh5 19. g4 Nf4 20. Bxf4 exf4 21. Ra2 f5 22. Ng5
fxg4 23. Nxe6 Qxe6 24. Qxg4 Qxg4+ 25. hxg4 g5 26. f3 Bd4+ 27. Kg2 Raa8 28. Rh1
Rf6 29. Bd1 Kg7 30. Kf1 Nd7 31. Nb1 Rh6 32. Rah2 Rxh2 33. Rxh2 Ne5 34. Ke2 Nd7
35. Kd2 Ne5 36. Nc3 Bxc3+ 37. Kxc3 Nd7 38. d4 Nb6 39. Bc2 h6 40. Rd2 cxd4+ 41.
Rxd4 Rd8 42. c5 Nc8 43. Bxa4 b6 44. c6 Rh8 45. Rd5 Kf6 46. Bc2 h5 47. c7 hxg4
48. e5+ Ke6 49. exd6 Kxd5 50. d7 g3 51. d8=Q+ Rxd8 52. cxd8=Q+ Nd6 53. Qxg5+ Ke6
54. Bb3+ Kd7 55. Qg7+ Kd8 56. Qg8+ Ke7 57. Qe6+ Kd8 58. Qxd6+ Ke8 59. Be6 g2 60.
Qd7+ Kf8 61. Qf7# {Black checkmated} 1-0

[Event "Team 45 45 League T45"]
[Site "Internet Chess Club"]
[Date "2010.05.29"]
[Round "4"]
[White "wekabird"]
[Black "otib2006"]
[Result "1/2-1/2"]
[WhiteElo "1127"]
[BlackElo "1136"]
[Opening "English opening"]
[ECO "A16"]
[Time "08:00:19"]
[TimeControl "2700+45"]

1. c4 Nf6 2. Nc3 g6 3. e4 d6 4. h3 Bg7 5. Nf3 O-O 6. g3 Be6 7. Rb1 c6 8. d3 d5
9. cxd5 cxd5 10. exd5 Nxd5 11. Nxd5 Qa5+ 12. Bd2 Qxd5 13. Qe2 Qxa2 14. Qd1 Nd7
15. Bg2 Nc5 16. O-O Nxd3 17. Ra1 Qc4 18. b3 Qb5 19. Rb1 Nb2 20. Qe1 Nd3 21. Qe2
Qd7 22. Kh2 f5 23. Ng5 Bf7 24. Nxf7 Rxf7 25. Rfd1 Nc5 26. Bb4 Qe6 27. Qxe6 Nxe6
28. Re1 Nc7 29. Rxe7 Rxe7 30. Bxe7 Re8 31. Bd6 Nb5 32. Bc5 b6 33. Be3 Bd4 34.
Bc6 Re5 35. Bxb5 Bxe3 36. Bc4+ Kg7 37. fxe3 Rxe3 38. Rf1 b5 39. Bxb5 Rxb3 40.
Be2 a5 41. Kg2 a4 42. Kf2 a3 43. Ra1 Kf6 44. g4 Rxh3 45. Bf3 a2 46. Rxa2 Rh2+
47. Bg2 fxg4 48. Kg3 Rh5 49. Kxg4 Rg5+ 50. Kh3 Rh5+ 51. Kg3 Rg5+ 52. Kh2 h5 53.
Kg1 h4 54. Rf2+ Ke5 55. Re2+ Kf4 56. Re4+ Kg3 57. Re3+ Kf4 58. Kf2 Kg4 59. Re4+
Kh5 60. Bf3+ Kh6 61. Rxh4+ Kg7 62. Rd4 Rf5 63. Ke3 Re5+ 64. Be4 g5 65. Rd6 g4
66. Rg6+ Kf7 67. Rxg4 Ra5 68. Kf4 Kf6 69. Rg6+ Kf7 70. Bf5 Ra1 71. Kg5 Rg1+ 72.
Bg4 Rxg4+ 73. Kxg4 Kxg6 {Game drawn because neither player has mating material}
1/2-1/2

[Event "Team 45 45 League T45"]
[Site "Internet Chess Club"]
[Date "2010.05.30"]
[Round "4"]
[White "dpmdpm"]
[Black "hcarstens"]
[Result "1/2-1/2"]
[WhiteElo "1396"]
[BlackElo "1270"]
[Opening "French: Winawer (Nimzovich) variation"]
[ECO "C15"]
[Time "09:00:18"]
[TimeControl "2700+45"]

1. e4 e6 2. d4 d5 3. Nc3 Bb4 4. exd5 exd5 5. Bd2 Be6 6. Nf3 c5 7. Na4 Bxd2+ 8.
Qxd2 c4 9. Nc5 b5 10. Nxe6 fxe6 11. Qb4 a6 12. Ne5 Ne7 13. Qa3 Nbc6 14. Qe3 Nxe5
15. Qxe5 Qd7 16. Qxg7 O-O-O 17. O-O-O b4 18. Be2 a5 19. Bg4 c3 20. b3 Rhg8 21.
Qxh7 Rxg4 22. Qh3 Re4 23. Rhe1 Rxe1 24. Rxe1 Nf5 25. Qd3 Re8 26. g4 Nd6 27. f3
a4 28. Qa6+ Kd8 29. Qa5+ Ke7 30. Qxb4 axb3 31. axb3 Qa7 32. Qxc3 Rh8 33. Rh1
Qa3+ 34. Qb2 Nb5 35. Qxa3+ Nxa3 36. Kb2 Nb5 37. c4 dxc4 38. bxc4 Nxd4 39. f4 Ne2
40. f5 exf5 41. gxf5 Kf6 42. Kc2 Ng3 43. Rd1 Rxh2+ 44. Rd2 Rxd2+ 45. Kxd2 Nxf5
46. Kd3 Ke6 47. Kc3 {Game drawn by mutual agreement} 1/2-1/2

[Event "Team 45 45 League T45"]
[Site "Internet Chess Club"]
[Date "2010.05.30"]
[Round "4"]
[White "WilmaP"]
[Black "PsyMar"]
[Result "0-1"]
[WhiteElo "1178"]
[BlackElo "1293"]
[Opening "Alekhine's defense: Scandinavian variation"]
[ECO "B02"]
[Time "12:00:12"]
[TimeControl "2700+45"]

1. e4 Nf6 2. Nc3 d5 3. e5 Ne4 4. Nxe4 dxe4 5. Ne2 c5 6. Ng3 Qd4 7. d3 Qxe5 8.
Nxe4 e6 9. Qf3 Be7 10. Be2 O-O 11. O-O Nc6 12. c3 Bd7 13. Be3 f5 14. Bf4 fxe4
15. Bxe5 exf3 16. Bxf3 Nxe5 17. Bxb7 Rab8 18. Be4 Rxb2 19. a4 Bc6 20. Bxc6 Nxc6
21. a5 a6 22. h3 Bd8 23. Rfe1 Rf6 24. Rf1 Nxa5 25. d4 c4 26. g4 Rb5 27. f4 Rh6
28. Kg2 Rb2+ 29. Kg3 Rb3 30. Rac1 Nc6 31. f5 Nxd4 32. Rce1 Rxc3+ 33. Kf4 Bc7+
34. Kg5 Rhxh3 35. fxe6 Bd8+ 36. e7 h6+ 37. Kg6 Bxe7 38. Rxe7 Rhe3 39. Rff7 Re6+
40. Kh5 Rh3# {White checkmated} 0-1

[Event "Team 45 45 League T45"]
[Site "Internet Chess Club"]
[Date "2010.05.31"]
[Round "4"]
[White "cazj"]
[Black "seattleblues"]
[Result "0-1"]
[WhiteElo "1335"]
[BlackElo "1252"]
[Opening "French defense"]
[ECO "C01"]
[Time "21:03:22"]
[TimeControl "2700+45"]

1. e4 e6 2. d4 d5 3. f3 Nf6 4. Bg5 h6 5. Bxf6 Qxf6 6. e5 Qh4+ 7. g3 Qd8 8. f4 c5
9. c3 b6 10. Bb5+ Bd7 11. Qa4 Bxb5 12. Qxb5+ Qd7 13. Na3 cxd4 14. cxd4 Qxb5 15.
Nxb5 Bb4+ 16. Kf2 Na6 17. a3 Be7 18. Rc1 O-O 19. Ne2 f6 20. Nc7 Nxc7 21. Rxc7
Bd8 22. Rc6 Re8 23. Rf1 fxe5 24. fxe5 Bg5 25. Kg2 Rac8 26. Rd6 Rc2 27. Rf7 Kxf7
{White resigns} 0-1

[Event "Team 45 45 League T45"]
[Site "Internet Chess Club"]
[Date "2010.05.30"]
[Round "4"]
[White "WzeroMN"]
[Black "baseball613"]
[Result "0-1"]
[WhiteElo "1176"]
[BlackElo "1265"]
[Opening "Caro-Kann: advance variation"]
[ECO "B12"]
[Time "10:00:16"]
[TimeControl "2700+45"]

1. e4 c6 2. d4 d5 3. e5 Bf5 4. Bd3 Bg6 5. Bxg6 hxg6 6. Nf3 e6 7. O-O c5 8. c3
Nc6 9. Bf4 Qb6 10. Qb3 Qxb3 11. axb3 cxd4 12. Nxd4 Nxd4 13. cxd4 Ne7 14. Nc3 Nf5
15. Rfd1 Rh4 16. Ne2 a6 17. Rac1 Kd7 18. Bg5 Rh5 19. Bd2 Be7 20. g4 Rh4 21. gxf5
Rg4+ 22. Kh1 gxf5 23. Rg1 Rxg1+ 24. Rxg1 Rc8 25. Rxg7 Rc2 26. Bg5 Bxg5 27. Rxg5
Rxe2 28. Rg2 Rxb2 29. h4 Rxb3 30. h5 Rh3+ 31. Rh2 Rxh2+ 32. Kxh2 Ke8 33. Kh3 Kf8
34. Kh4 Kg7 35. Kg5 b5 36. h6+ Kh7 37. Kf6 b4 38. Kxf7 b3 39. Kxe6 b2 40. Kxd5
b1=Q 41. e6 Qb5+ 42. Kd6 Qe8 43. Ke5 f4 44. d5 f3 45. d6 Kxh6 46. d7 Qe7 47. Kd5
a5 48. Ke5 a4 {White resigns} 0-1

[Event "Team 45 45 League T45"]
[Site "Internet Chess Club"]
[Date "2010.05.28"]
[Round "4"]
[White "ordinaryboy"]
[Black "BosqueVerde"]
[Result "0-1"]
[WhiteElo "924"]
[BlackElo "1208"]
[Opening "QGD Slav: 4.Nc3"]
[ECO "D15"]
[Time "21:00:09"]
[TimeControl "2700+45"]

1. d4 d5 2. c4 c6 3. Nf3 Nf6 4. Nc3 Nbd7 5. Bf4 e6 6. e3 Bb4 7. Bd3 dxc4 8. Bxc4
Ne4 9. Rc1 Qa5 10. a3 Bxc3+ 11. bxc3 Nxc3 12. Qd2 b5 13. Bb3 Qxa3 14. Rxc3 Nf6
15. O-O Ne4 16. Qd3 Nxc3 17. Qxc3 Bd7 18. e4 O-O 19. d5 b4 20. Qc4 Rfc8 21. dxc6
Bxc6 22. Nd4 Bxe4 23. Qe2 Bg6 24. Nb5 Qxb3 25. Qe5 Bd3 26. Re1 Bxb5 27. Qxb5 a5
28. Be3 a4 29. Qd7 Qc3 30. Rd1 a3 31. h4 a2 32. Bd4 Qc6 33. Qe7 Rd8 {White
resigns} 0-1

[Event "Team 45 45 League T45"]
[Site "Internet Chess Club"]
[Date "2010.06.04"]
[Round "4"]
[White "Toalla"]
[Black "cru"]
[Result "0-1"]
[WhiteElo "1168"]
[BlackElo "1309"]
[Opening "Queen's gambit declined"]
[ECO "D30"]
[Time "17:00:56"]
[TimeControl "2700+45"]

1. d4 d5 2. c4 e6 3. e3 Nf6 4. cxd5 Nxd5 5. Nf3 Bb4+ 6. Bd2 Bxd2+ 7. Nbxd2 O-O
8. Be2 Nc6 9. a3 Bd7 10. O-O f5 11. Rc1 Qf6 12. b4 a6 13. Re1 Be8 14. Nc4 Qh6
15. Qd2 f4 16. e4 Nf6 17. Bd1 Bh5 18. Rc3 b5 19. Nce5 Nxe5 20. Nxe5 Bxd1 21.
Qxd1 Rac8 22. Ng4 Qg6 23. Ne5 Qg5 24. Nf3 Qg6 25. Nh4 Qg5 26. Nf3 Qg6 27. Qc2
Ne8 28. Ne5 Qg5 29. Nd7 Rf7 30. Ne5 Rf6 31. Nf3 Qh5 32. Rc6 Rd8 33. Rxa6 Rg6 34.
Ne5 Rh6 35. Nf3 Rg6 36. Ne5 Rh6 37. h3 Rxd4 38. Ng4 Rg6 39. Rc1 Rc4 40. Qd2
Rxc1+ 41. Qxc1 e5 42. Rxg6 Qxg6 43. f3 Qd6 44. Kh2 h5 45. Nf2 h4 46. Qb2 Kf8 47.
Ng4 Qd4 48. Qb1 Nd6 49. Qc2 Nc4 50. Nxe5 Qxe5 51. Qd3 Qd6 52. Qc3 Qd1 53. a4
Qxa4 {White resigns} 0-1

[Event "Team 45 45 League T45"]
[Site "Internet Chess Club"]
[Date "2010.05.31"]
[Round "4"]
[White "dabodhi"]
[Black "Newcastler"]
[Result "1-0"]
[WhiteElo "1249"]
[BlackElo "1245"]
[Opening "Sicilian: closed"]
[ECO "B23"]
[Time "15:00:12"]
[TimeControl "2700+45"]

1. e4 c5 2. Nc3 e6 3. f4 a6 4. Nf3 Qc7 5. d4 cxd4 6. Nxd4 d6 7. Bd3 Nf6 8. Be3
Nbd7 9. O-O b5 10. Nf3 Be7 11. Nh4 Bb7 12. f5 Nxe4 13. Nxe4 Bxh4 14. fxe6 Ne5
15. Bg5 Bxe4 16. Bxe4 Bxg5 17. exf7+ Nxf7 18. Bxa8 Qa7+ 19. Kh1 Qxa8 20. Qe1+
Be7 21. Qe6 Rf8 22. Rf2 Ng5 23. Rxf8+ Kxf8 24. Rf1+ Ke8 25. Qg8+ Kd7 26. Qxa8
Bd8 27. Qxa6 b4 28. Re1 g6 29. Qb5+ Kc8 30. Re8 Nf7 31. Qc6+ Kb8 32. Rf8 Ne5 33.
Qxd6+ {Black resigns} 1-0

[Event "Team 45 45 League T45"]
[Site "Internet Chess Club"]
[Date "2010.05.30"]
[Round "4"]
[White "carolinaknight"]
[Black "Hieroglyph"]
[Result "0-1"]
[WhiteElo "1193"]
[BlackElo "1095"]
[Opening "Giuoco Piano: four knights variation"]
[ECO "C55"]
[Time "13:00:24"]
[TimeControl "2700+45"]

1. e4 e5 2. Nf3 Nc6 3. Bc4 Nf6 4. Nc3 Bc5 5. O-O O-O 6. d3 d6 7. Bg5 a6 8. Nd5
Nd4 9. Nxd4 Bxd4 10. c3 Ba7 11. Qf3 Bg4 12. Nxf6+ gxf6 13. Qxf6 Qxf6 14. Bxf6
Be6 15. Bh4 Bxc4 16. dxc4 f5 17. Rfe1 f4 18. Kh1 Bxf2 19. Bxf2 f3 20. g4 Rf4 21.
Re3 Raf8 22. Rg1 Kg7 23. Rg3 h6 24. g5 h5 25. Rgxf3 Kg6 26. h4 Rxf3 27. Rxf3
Rxf3 28. Kg2 Rf4 29. c5 Rxe4 30. cxd6 cxd6 31. Kf3 Rf4+ 32. Ke2 d5 33. Bg3 Rf5
34. Bf2 e4 35. a3 Re5 36. Bd4 Re6 37. Ke3 b5 38. Ke2 Kf5 39. Bf2 Rc6 40. Kf1 a5
41. Kg2 b4 42. axb4 axb4 43. Bd4 bxc3 44. bxc3 Kg4 45. Be5 Kxh4 {White resigns}
0-1

[Event "Team 45 45 League T45"]
[Site "Internet Chess Club"]
[Date "2010.05.28"]
[Round "4"]
[White "chris888"]
[Black "ffplayer"]
[Result "0-1"]
[WhiteElo "732"]
[BlackElo "1037"]
[Opening "Philidor's defense"]
[ECO "C41"]
[Time "22:00:17"]
[TimeControl "2700+45"]

1. e4 e5 2. Nf3 d6 3. Bc4 Nf6 4. Ng5 d5 5. exd5 Bd6 6. O-O O-O 7. d4 e4 8. Nc3
Bf5 9. f4 h6 10. Nh3 Bxh3 11. gxh3 Qd7 12. Kg2 a6 13. a4 Qf5 14. Qe2 Re8 15. a5
c6 16. dxc6 Nxc6 17. Qe3 Ne7 18. Qg3 Ng6 19. Kh1 Nh5 20. Qg2 Nhxf4 21. Qg3 Qd7
22. Nd5 Nxd5 23. Bxd5 Bxg3 24. hxg3 Qxd5 25. Be3 Rab8 26. g4 b5 27. axb6 Rxb6
28. Rf5 Qc4 29. c3 Rxb2 30. d5 Qxc3 31. Bf2 Rxf2 32. Rxf2 Qxa1+ 33. Kg2 Qe5
{White resigns} 0-1

[Event "Team 45 45 League T45"]
[Site "Internet Chess Club"]
[Date "2010.05.28"]
[Round "4"]
[White "CameronD"]
[Black "SugarIslander"]
[Result "1/2-1/2"]
[WhiteElo "1733"]
[BlackElo "1713"]
[Opening "Queen's pawn, Mason variation"]
[ECO "D00"]
[Time "20:00:25"]
[TimeControl "2700+45"]

1. d4 d5 2. Bf4 Nf6 3. e3 e6 4. Nf3 Bd6 5. Bg3 Bxg3 6. hxg3 Nc6 7. Nbd2 Bd7 8.
c3 Qe7 9. Bd3 O-O-O 10. O-O e5 11. e4 dxe4 12. Nxe4 Nxe4 13. Bxe4 exd4 14. Re1
Qf6 15. cxd4 Bg4 16. Bxc6 Qxc6 17. Ne5 Bxd1 18. Nxc6 bxc6 19. Raxd1 Rd7 20. Re3
Rhd8 21. Red3 Rd5 22. b4 Kb7 23. f4 Kb6 24. Kf2 a5 25. bxa5+ Rxa5 26. R1d2 Rda8
27. Rb3+ Rb5 28. Ke3 Re8+ 29. Kd3 f5 30. Re2 Rxb3+ 31. axb3 Rxe2 32. Kxe2 Kb5
33. Kd3 Kb4 34. Kc2 c5 35. dxc5 Kxc5 36. Kc3 Kb5 37. b4 c5 38. bxc5 Kxc5 39. Kd3
Kd5 40. Ke3 Kc4 41. Kf3 Kd3 42. g4 g6 43. g5 Kd4 44. Ke2 Ke4 45. g3 Kd4 46. Kd2
Ke4 47. Ke2 Kd4 48. Kd2 {Game drawn by mutual agreement} 1/2-1/2

[Event "Team 45 45 League T45"]
[Site "Internet Chess Club"]
[Date "2010.05.30"]
[Round "4"]
[White "MrKarma"]
[Black "mongmong"]
[Result "1-0"]
[WhiteElo "1609"]
[BlackElo "1498"]
[Opening "French defense"]
[ECO "C00"]
[Time "18:02:14"]
[TimeControl "2700+45"]

1. e4 e6 2. Nf3 d5 3. exd5 exd5 4. d4 Nf6 5. Bb5+ c6 6. Ba4 Bd6 7. Bg5 O-O 8.
Nc3 Re8+ 9. Ne2 Bg4 10. Bxf6 Qxf6 11. Qd3 Bxf3 12. gxf3 Nd7 13. O-O-O Re7 14. c3
Rae8 15. Rde1 b5 16. Bc2 g6 17. h4 c5 18. h5 c4 19. Qd2 Qxf3 20. Bd1 Rxe2 21.
Bxe2 Re7 {Black resigns} 1-0

[Event "Team 45 45 League T45"]
[Site "Internet Chess Club"]
[Date "2010.05.29"]
[Round "4"]
[White "CKNIGHT3"]
[Black "oldsj"]
[Result "0-1"]
[WhiteElo "1450"]
[BlackElo "1619"]
[Opening "King's Indian: Sämisch, 5...O-O"]
[ECO "E81"]
[Time "18:00:06"]
[TimeControl "2700+45"]

1. d4 Nf6 2. c4 g6 3. Nc3 Bg7 4. e4 d6 5. f3 O-O 6. Be3 c5 7. d5 Nbd7 8. Bd3 Ne5
9. Be2 e6 10. Qd2 exd5 11. cxd5 Ne8 12. O-O-O a6 13. h4 b5 14. h5 b4 15. Nb1 a5
16. hxg6 Nxg6 17. Bh6 Qf6 18. Bg5 Qd4 19. Qxd4 Bxd4 20. f4 Be3+ 21. Nd2 Bxf4 22.
Bxf4 Nxf4 23. Bf1 Bg4 24. Ngf3 Nf6 25. g3 Ng6 26. Bd3 Ne5 27. Be2 Nxf3 28. Nxf3
Nxe4 29. Rh4 f5 30. Rdh1 Ra7 31. Rg1 Re7 32. Rg2 Nxg3 33. Rxg3 Rxe2 34. Ng5 Re7
35. Ne6 Rf6 36. Kc2 Rg6 37. Kd2 h5 38. Nf4 Rgg7 39. Ne6 Rh7 40. Kd3 Kh8 41. Kc4
Be2+ 42. Kb3 Ra7 43. Nf8 Bd1+ 44. Kc4 Be2+ 45. Kb3 a4+ 46. Kc2 Rhg7 47. Ng6+ Kg8
48. Ne7+ Rxe7 49. Rgh3 Rg2 50. Rh1 c4 51. Kc1 Bf1 52. Rxf1 Rg5 53. Rxc4 Re4 54.
Rc8+ Kf7 55. Ra8 b3 56. axb3 axb3 57. Rb8 Re3 58. Kd2 Reg3 59. Rb6 Ke7 60. Re1+
Kd7 61. Rb7+ Kc8 62. Rf7 Rg2+ 63. Kc3 R2g3+ 64. Kb4 R5g4+ 65. Ka3 Re4 66. Rc1+
Kd8 67. Rcc7 Rge3 68. Ra7 Ke8 69. Rh7 Re7 70. Raxe7+ Rxe7 71. Rxh5 Re5 72. Kxb3
f4 73. Rxe5+ dxe5 74. Kc3 e4 75. Kd2 Kd7 76. b4 Kd6 77. b5 Kxd5 78. b6 Kc6 79.
b7 Kxb7 80. Ke2 Kc6 81. Kd2 Kc5 82. Ke2 Kc4 83. Kd2 Kd4 84. Ke2 Kc3 85. Ke1 Kd3
86. Kd1 f3 87. Ke1 e3 88. Kd1 f2 89. Kc1 f1=Q+ 90. Kb2 Qd1 91. Ka3 Kc3 92. Ka2
Qb3+ 93. Ka1 Qb2# {White checkmated} 0-1

[Event "Team 45 45 League T45"]
[Site "Internet Chess Club"]
[Date "2010.05.28"]
[Round "4"]
[White "rom1"]
[Black "JohLeb"]
[Result "1-0"]
[WhiteElo "1513"]
[BlackElo "1334"]
[Opening "QGD Slav: 4.Nc3"]
[ECO "D15"]
[Time "12:00:20"]
[TimeControl "2700+45"]

1. d4 d5 2. c4 c6 3. Nc3 Nf6 4. Nf3 Bg4 5. e3 e6 6. Be2 Nbd7 7. O-O Bd6 8. h3
Bh5 9. cxd5 exd5 10. a3 O-O 11. b4 a6 12. Bb2 Rc8 13. Rc1 Re8 14. Nh2 Bxe2 15.
Qxe2 Qc7 16. Ng4 Nxg4 17. Qxg4 Nf6 18. Qf3 Re6 19. Na4 Rce8 20. Nc5 R6e7 21.
Rfe1 Ne4 22. Nxe4 Rxe4 23. g3 Qd7 24. Qg2 Qe6 25. Rc2 Qg6 26. Rce2 f5 27. Kh1 f4
28. gxf4 Qxg2+ 29. Kxg2 Bxf4 30. Bc1 Bd6 31. f3 R4e6 32. Kf2 Rh6 33. Rh1 Rh4 34.
Bd2 Re6 35. Kf1 Rg6 36. Rg2 Rf6 37. Ke2 Rfh6 38. Rhg1 Bf8 39. e4 R6h5 40. Bg5
Rxh3 41. Be7 g6 42. Bxf8 Kxf8 43. e5 Rh2 44. Ke3 Rxg2 45. Rxg2 Rf5 46. f4 Ke7
47. Kf3 Rf8 48. Rh2 Rf7 49. Kg4 Ke6 50. Rh6 Rg7 51. Kg5 b6 52. Rh2 a5 53. Rc2
Rc7 54. b5 h6+ 55. Kxg6 h5 56. Kxh5 Kf5 57. Rxc6 Rh7+ 58. Rh6 Rb7 59. Rf6+ Ke4
60. Kg5 Kxd4 61. Rd6 Kc5 62. a4 d4 63. Kf6 Kc4 64. e6 d3 65. e7 Rxe7 66. Kxe7
Kc3 67. f5 d2 68. f6 {Black resigns} 1-0

[Event "Team 45 45 League T45"]
[Site "Internet Chess Club"]
[Date "2010.05.29"]
[Round "4"]
[White "MaxII"]
[Black "b-spot"]
[Result "0-1"]
[WhiteElo "1677"]
[BlackElo "1740"]
[Opening "Giuoco Piano"]
[ECO "C54"]
[Time "08:00:23"]
[TimeControl "2700+45"]

1. e4 e5 2. Nf3 Nc6 3. Bc4 Bc5 4. c3 Nf6 5. d4 exd4 6. cxd4 Bb4+ 7. Bd2 Bxd2+ 8.
Nbxd2 d5 9. exd5 Nxd5 10. Qb3 Na5 11. Qa4+ Nc6 12. Ne5 O-O 13. Nxc6 Qe8+ 14. Kf1
Nb6 15. Qb5 bxc6 16. Qc5 Nxc4 17. Qxc4 a5 18. Kg1 Ba6 19. Qc3 Qe6 20. h4 Rfe8
21. Rh3 Qd5 22. Nf3 Re2 23. a3 Rae8 24. Ne5 c5 25. Qxa5 Qxd4 26. Rf3 Qxe5 27.
Qxa6 Qxb2 28. Rd1 Re1+ 29. Rxe1 Rxe1+ 30. Kh2 Qe5+ 31. g3 h6 32. Qc4 Qe7 33. a4
Re4 34. Qb5 Rb4 35. Qc6 Qe4 36. Qxe4 Rxe4 37. Ra3 Re6 38. Rc3 Rc6 39. a5 Kf8 40.
Kg2 Ke7 41. a6 Rxa6 42. Rxc5 Kd6 43. Rf5 f6 44. g4 c5 45. g5 hxg5 46. hxg5 fxg5
47. Rxg5 Ra7 48. Kf3 Kc6 49. Ke4 Kb5 50. Kd3 Kb4 51. Rg4+ Kb3 52. f4 c4+ 53. Kd2
c3+ 54. Kd1 c2+ 55. Kd2 Rd7+ 56. Kc1 Rd1# {White checkmated} 0-1

[Event "Team 45 45 League T45"]
[Site "Internet Chess Club"]
[Date "2010.05.29"]
[Round "4"]
[White "crazyhorses"]
[Black "zepled37"]
[Result "0-1"]
[WhiteElo "1457"]
[BlackElo "1742"]
[Opening "Sicilian: Scheveningen variation"]
[ECO "B80"]
[Time "16:16:34"]
[TimeControl "2700+45"]

1. e4 c5 2. Nf3 d6 3. d4 cxd4 4. Nxd4 Nf6 5. Nc3 e6 6. Be3 a6 7. Be2 Be7 8. O-O
Qc7 9. f4 b5 10. Bf3 b4 11. e5 dxe5 12. fxe5 Qxe5 13. Bf2 bxc3 14. Bxa8 cxb2 15.
Rb1 O-O 16. Rxb2 Bc5 17. c3 Nbd7 18. Kh1 Ne4 19. Bxe4 Qxe4 20. Re1 Qd5 21. Qf3
Qd6 22. Rd1 Qc7 23. Rbd2 Bb7 24. Qe2 Nf6 25. Bg3 Qc8 26. Nb3 Ba7 27. c4 Ne4 28.
Rd7 Nxg3+ 29. hxg3 Bb8 30. Qd3 Qc6 31. Rd2 Ba7 32. Na5 Qc5 33. Qd4 Qh5+ 34. Qh4
Qxa5 35. Rxb7 Qxd2 36. Rxa7 Qxa2 37. c5 Qd5 38. Qe7 Qd8 39. Qxd8 Rxd8 40. c6 Kf8
41. c7 Rc8 42. Rxa6 Rxc7 43. Ra8+ Ke7 44. Rh8 h6 45. Rh7 Kf6 46. Kh2 Rc8 {White
resigns} 0-1

[Event "Team 45 45 League T45"]
[Site "Internet Chess Club"]
[Date "2010.05.29"]
[Round "4"]
[White "BrerRabbit"]
[Black "GadsHill"]
[Result "0-1"]
[WhiteElo "1509"]
[BlackElo "1551"]
[Opening "QGD: Tarrasch, Prague variation, 9.Bg5"]
[ECO "A13"]
[Time "15:01:38"]
[TimeControl "2700+45"]

1. c4 e6 2. g3 Nf6 3. Bg2 d5 4. Nf3 c5 5. cxd5 exd5 6. d4 Nc6 7. O-O Be7 8. Nc3
O-O 9. Bg5 cxd4 10. Nxd4 h6 11. Bxf6 Bxf6 12. Nxc6 bxc6 13. Na4 Re8 14. Qc2 Ba6
15. Rfe1 Bc4 16. Nc3 Qa5 17. e3 Rab8 18. Bf1 Rxb2 19. Qa4 Bxc3 {White resigns}
0-1

[Event "Team 45 45 League T45"]
[Site "Internet Chess Club"]
[Date "2010.05.30"]
[Round "4"]
[White "AngryPirate"]
[Black "SpeedBlade"]
[Result "1/2-1/2"]
[WhiteElo "1504"]
[BlackElo "1404"]
[Opening "Caro-Kann defense"]
[ECO "B11"]
[Time "12:30:51"]
[TimeControl "2700+45"]

1. e4 c6 2. Nc3 d5 3. d3 g6 4. Nf3 Bg7 5. Be2 e5 6. O-O Ne7 7. h3 O-O 8. Nh2 f5
9. exf5 gxf5 10. f4 d4 11. Nb1 e4 12. Qe1 Be6 13. Nd2 e3 14. Ndf3 Nd7 15. Ng5
Bd5 16. Bf3 Bf7 17. Be2 h6 18. Ngf3 c5 19. Kh1 Ng6 20. g3 b5 21. Nh4 Nxh4 22.
gxh4 Bd5+ 23. Bf3 Bxf3+ 24. Nxf3 Rf6 25. Rg1 Qe8 26. b4 Rg6 27. bxc5 Rxg1+ 28.
Qxg1 Nxc5 29. Bb2 Kh7 30. Bxd4 Bxd4 31. Nxd4 e2 32. Re1 Qd7 33. Nb3 Nxb3 34.
axb3 Re8 35. Qc5 Rc8 36. Qf2 Qc6+ 37. Kh2 Qxc2 38. Qxa7+ Rc7 39. Qe3 Qxb3 40.
Rxe2 Qd5 41. Qe5 Qd7 42. Rb2 Rb7 43. d4 b4 44. Qc5 b3 45. d5 Qg7 46. Qf2 Qd7 47.
Qf3 Qd6 {Game drawn by mutual agreement} 1/2-1/2

[Event "Team 45 45 League T45"]
[Site "Internet Chess Club"]
[Date "2010.05.28"]
[Round "4"]
[White "KingOfHearts"]
[Black "clammer"]
[Result "1-0"]
[WhiteElo "1313"]
[BlackElo "1200"]
[Opening "Hungarian defense"]
[ECO "C50"]
[Time "19:00:22"]
[TimeControl "2700+45"]

1. e4 e5 2. Nf3 Nc6 3. Bc4 Be7 4. O-O Nf6 5. d3 h6 6. Nc3 d6 7. h3 Na5 8. Bb3
Nxb3 9. axb3 Be6 10. Be3 a6 11. d4 exd4 12. Nxd4 Bd7 13. f4 c5 14. Nf3 Bc6 15.
e5 dxe5 16. Nxe5 Qc7 17. Qe2 Ne4 18. Qc4 Bd6 19. Nxe4 Bxe4 20. Qxe4 O-O-O 21.
Qc4 f6 22. Nf7 {Black resigns} 1-0

[Event "Team 45 45 League T45"]
[Site "Internet Chess Club"]
[Date "2010.05.31"]
[Round "4"]
[White "theartist"]
[Black "Cicero"]
[Result "0-1"]
[WhiteElo "1177"]
[BlackElo "1170"]
[Opening "Nimzo-Indian: Sämisch variation"]
[ECO "E27"]
[Time "12:31:16"]
[TimeControl "2700+45"]

1. d4 Nf6 2. c4 e6 3. Nc3 Bb4 4. a3 Bxc3+ 5. bxc3 O-O 6. Nf3 b6 7. Bg5 h6 8. Bh4
d6 9. e3 Nbd7 10. Bd3 e5 11. Nd2 Bb7 12. d5 c6 13. e4 Qc7 14. Qe2 cxd5 15. exd5
e4 16. Nxe4 Nxe4 17. Bxe4 Nc5 18. f3 f5 19. Bxf5 Rxf5 20. O-O Re5 21. Qc2 Rae8
22. Rfe1 Rxe1+ 23. Bxe1 Re5 24. Bf2 Qe7 25. Qd1 Ba6 26. Qf1 Nb3 27. Re1 Nd2 28.
Rxe5 Qxe5 29. Bd4 Qg5 30. Qe2 Bxc4 31. Qe6+ Kh7 32. Be3 Nxf3+ 33. Kf2 Bxd5 34.
Bxg5 Bxe6 35. Bf4 Ng5 36. Bxd6 Ne4+ 37. Ke3 Nxd6 38. Kd4 Nb5+ 39. Ke5 Bc4 40. g4
Be2 41. Kf5 Nxa3 42. g5 hxg5 43. Kxg5 Nc4 44. h4 a5 45. h5 a4 {White resigns}
0-1

[Event "Team 45 45 League T45"]
[Site "Internet Chess Club"]
[Date "2010.05.30"]
[Round "4"]
[White "Graybeard"]
[Black "NewfieKnight"]
[Result "1/2-1/2"]
[WhiteElo "1137"]
[BlackElo "1106"]
[Opening "French defense"]
[ECO "C01"]
[Time "19:26:08"]
[TimeControl "2700+45"]

1. e4 e6 2. d4 Nc6 3. Nf3 d5 4. Nc3 Bb4 5. e5 f6 6. Bf4 fxe5 7. Bg5 Nf6 8. a3
Bxc3+ 9. bxc3 e4 10. Ne5 Qd6 11. Bb5 Bd7 12. O-O Nxe5 13. dxe5 Qxe5 14. Bxd7+
Nxd7 15. Qd2 h6 16. Bf4 Qf6 17. Bxc7 O-O 18. Bd6 Rfd8 19. Rad1 Nb6 20. Bc5 Nc4
21. Qe1 b6 22. Be3 Nxa3 23. Rc1 Nb5 24. Bd4 Qe7 25. Be5 Qg5 26. Bd4 e5 27. Be3
Qf6 28. Rd1 Rac8 29. Rb1 Nxc3 30. Rb3 d4 31. Bd2 e3 32. fxe3 Qc6 33. Bxc3 dxc3
34. Rxc3 Qd6 35. Rd3 Qg6 36. Qg3 Qe6 37. Rxd8+ Rxd8 38. Rc1 Rd2 39. h3 b5 40. e4
Qb6+ 41. Kh2 Qc5 42. Qb3+ Qc4 43. Qxc4+ bxc4 44. Ra1 Rxc2 45. Rxa7 c3 46. Ra5
Rd2 47. Rxe5 c2 48. Rc5 Kf7 49. Rc4 Ke6 50. Kg3 g5 51. Kf3 Rd3+ 52. Ke2 Rg3 53.
Rxc2 Rxg2+ 54. Kd1 Rxc2 55. Kxc2 Ke5 56. Kd3 h5 57. Ke3 g4 58. hxg4 hxg4 59. Kf2
Kxe4 60. Kg3 Kf5 61. Kg2 Kf4 62. Kg1 g3 63. Kg2 Kg4 64. Kg1 Kh3 65. Kh1 g2+ 66.
Kg1 Kg4 67. Kf2 Kh3 68. Kg1 Kg4 69. Kf2 Kh3 70. Kg1 {Game drawn by repetition}
1/2-1/2